 Dungeon Crawl Stone Soup version 0.29-a0-321-gf1c400731a (webtiles) character file.

Game seed: 6909541026021314720

1389 zishaf the Stinger (level 8, -2/54 HPs)
             Began as an Octopode Venom Mage on Apr 4, 2022.
             Slain by a hound (4 damage)
             ... on level 5 of the Dungeon.
             The game lasted 00:09:09 (4995 turns).

zishaf the Stinger (Octopode Venom Mage)            Turns: 4995, Time: 00:09:09

Health: -2/54      AC:  2    Str:  7    XL:     8   Next: 68%
Magic:  9/11       EV: 13    Int: 26    God:
Gold:   227        SH:  0    Dex: 13    Spells: 5/11 levels left

rFire   . . .      SeeInvis .   a - +11 short sword of Cobwebs {vorpal, Int+7}
rCold   . . .      Faith    .   (no shield)
rNeg    . . .      Spirit   .   k - +1 hat
rPois   .          Reflect  .   (no amulet)
rElec   .          Harm     .   (no ring)
rCorr   .          Rampage  .   (no ring)
Will    +....                   (no ring)
Stlth   ++++......              (no ring)
HPRegen 0.18/turn               (no ring)
MPRegen 0.12/turn               (no ring)
                                (no ring)
                                (no ring)

@: on berserk cooldown, slowed, very slow
A: almost no armour, amphibious, 8 rings, camouflage 1, gelatinous body 1,
(nimble swimmer 1), tentacles, tentacle spike 1, strong-willed 1, evolution 1
a: no special abilities


You were on level 5 of the Dungeon.
You visited 1 branch of the dungeon, and saw 5 of its levels.

You collected 227 gold pieces.

Inventory:

Hand Weapons
 a - the +11 short sword of Cobwebs (weapon) {vorpal, Int+7}
   (You found it on level 3 of the Dungeon)

   It inflicts extra damage upon your enemies.
   Int:       It affects your intelligence (+7).
 q - a +0 dagger of venom
Armour
 k - a +1 hat (worn)
Wands
 i - a wand of iceblast (5)
Scrolls
 c - 3 scrolls of holy word
 h - a scroll of teleportation
Potions
 b - a potion of magic
 d - a potion of haste
 e - a potion of lignification
 f - 4 potions of curing
 j - 2 potions of might {unknown}
 l - 2 potions of mutation
 m - a potion of heal wounds {unknown}
 n - a potion of attraction {unknown}
 p - a potion of degeneration {unknown}


   Skills:
 + Level 4.7 Fighting
 + Level 3.4 Short Blades
 - Level 2.0 Dodging
 - Level 5.0 Stealth
 - Level 2.0 Spellcasting
 + Level 3.4 Conjurations
 - Level 1.0 Transmutations
 + Level 4.4 Air Magic
 + Level 6.9 Poison Magic


You had 5 spell levels left.
You knew the following spells:

 Your Spells              Type           Power      Damage    Failure   Level
a - Sting                 Tmut/Pois      92%        1d7       1%          1
b - Poisonous Vapours     Pois/Air       64%        N/A       1%          2
c - Mephitic Cloud        Conj/Pois/Air  28%        N/A       4%          3

Your spell library contained the following spells:

 Spells                   Type           Power      Damage    Failure   Level
 Spider Form              Tmut/Pois      23%        N/A       6%          3
 Olgreb's Toxic Radiance  Pois           38%        N/A       6%          4
 Ensorcelled Hibernation  Hex/Ice        4%         N/A       16%         2
 Anguish                  Hex/Necr       1%         N/A       71%         4


Dungeon Overview and Level Annotations

Branches:
Dungeon (5/15)
 Temple: D:4-7

Altars:
Qazlal
Uskayaw
Yredelemnul

Shops:
D:1 [

Annotations:
D:4 2 runed translucent doors, spaghetti's ghost, amateur DrEE


Innate Abilities, Weirdness & Mutations

You cannot wear most types of armour.
You are amphibious.
You can wear up to eight rings at the same time.
Your skin changes colour to match your surroundings (Stealth+).
Your rubbery body absorbs attacks. (AC +1, EV +1)
((You are camouflaged when in or above water. (Stealth+)))
You have tentacles for arms and can constrict up to eight enemies at once.
One of your tentacles bears a spike.
You are strong-willed. (Will+)
You have hidden genetic potential.


Message History

You pierce the ice beast, but do no damage.
You squeeze the ice beast.
You kill the ice beast!
The ice beast hits you.
* * * LOW HITPOINT WARNING * * *
The ice beast freezes you!
* * * LOW HITPOINT WARNING * * *
A red film seems to cover your vision as you go berserk!
You feel yourself moving faster!
You feel mighty! The ice beast barely misses you.
You impale the ice beast!!
The ice beast is severely wounded.
You hit the ice beast.
Your tentacle spike misses the ice beast.
The ice beast is almost dead.
The ice beast hits you but does no damage.
You barely miss the ice beast.
Your tentacle spike misses the ice beast.
You squeeze the ice beast.
You kill the ice beast!
A hound comes into view.
You feel a strong urge to attack something.
The hound barks!
You hear an angry growl.
You hear an angry hiss.
You hear a shout!
You hear an angry hiss.
You feel your anger nearly subside.
You are no longer berserk.
You are exhausted.
You feel yourself slow down.
Casting: Poisonous Vapours (safe; 1% risk of failure)
Confirm with . or Enter, or press ? or * to list all spells.
Aiming: Poisonous Vapours (safe; 1% risk of failure)
Press: ? - help, Dir - move target, f - hound
Aim: a hound Poisonous vapours surround the hound!
The hound is poisoned.
The hound bites you.
* * * LOW HITPOINT WARNING * * *
You hit the hound but do no damage. You grab the hound.
You pierce the hound, but do no damage.
The hound is lightly wounded.
You constrict the hound. The hound bites you.
You die...

....## #.......#
##....####.......#
.....#..#.......#
#....#..........#
#...^#.........##
#.†..#.........#
#....#.........###
#h...#.......†....
##@...#............
##....##............
##....###............
###...###########._..⌠.
#....##..# #......
#.....)###....# ##.)...
########......#
#######..... #.......#
#...........
#.......###...........


You could see a hound (very poisoned).

Vanquished Creatures
  Pikel (D:4)
  Sigmund (D:4)
  2 ice beasts (D:5)
  A sky beast (D:5)
  A black bear (D:5)
  A centaur (D:5)
  A lemure (D:4)
  A phantom (D:4)
  A hound (D:4)
  An orc priest (D:3)
  A jelly (D:5)
  An orc wizard (D:4)
  5 adders
  3 worms
  3 dart slugs
  7 orcs
  14 endoplasms
  8 giant cockroaches
  10 goblins
  7 hobgoblins
  8 jackals (D:1)
  6 ball pythons
  5 bats
  3 frilled lizards
  5 kobolds
  6 rats
103 creatures vanquished.

Notes
Turn   | Place    | Note
-------+----------+-------------------------------------------
     0 | D:1      | zishaf the Octopode Venom Mage began the quest for the Orb.
     0 | D:1      | Reached XP level 1. HP: 11/11 MP: 3/3
     1 | D:1      | Found a runed translucent door.
   314 | D:1      | Reached XP level 2. HP: 18/18 MP: 5/5
   437 | D:1      | Reached skill level 1 in Fighting
   437 | D:1      | Reached skill level 4 in Poison Magic
   815 | D:1      | Learned a level 2 spell: Poisonous Vapours
   827 | D:1      | Reached XP level 3. HP: 16/23 MP: 1/6
   944 | D:1      | Found Ifyfyom's Antique Armour Shoppe.
  1183 | D:2      | Found a faded altar of an unknown god.
  1351 | D:2      | HP: 1/23 [adder (4)]
  1553 | D:2      | Reached XP level 4. HP: 17/28 MP: 7/7
  1860 | D:2      | Reached skill level 1 in Air Magic
  2495 | D:3      | Identified the +11 short sword of Cobwebs {vorpal, Int+7}
  2984 | D:3      | Reached XP level 5. HP: 30/33 MP: 8/8
  3642 | D:4      | Noticed a phantom
  3652 | D:4      | Killed a phantom
  3653 | D:4      | Reached skill level 5 in Stealth
  3653 | D:4      | Reached skill level 5 in Poison Magic
  3653 | D:4      | Reached XP level 6. HP: 32/41 MP: 9/9
  3657 | D:4      | Learned a level 3 spell: Mephitic Cloud
  3815 | D:4      | Found a large runed translucent door.
  3815 | D:4      | Found a large runed translucent door.
  3816 | D:4      | Noticed spaghetti's ghost (amateur DrEE)
  3836 | D:4      | Noticed Sigmund
  3840 | D:4      | Killed Sigmund
  3841 | D:4      | Reached skill level 1 in Short Blades
  3841 | D:4      | Reached skill level 1 in Conjurations
  3841 | D:4      | Reached XP level 7. HP: 35/46 MP: 10/10
  4076 | D:4      | Gained mutation: You are strong-willed. (Will+) [potion of
                  | mutation]
  4076 | D:4      | Gained mutation: You have hidden genetic potential. [potion
                  | of mutation]
  4188 | D:4      | Noticed Pikel
  4198 | D:4      | Killed Pikel
  4199 | D:4      | Reached skill level 6 in Poison Magic
  4199 | D:4      | Reached XP level 8. HP: 43/54 MP: 11/11
  4214 | D:4      | Gained mutation: One of your tentacles bears a spike.
                  | [hidden potential]
  4497 | D:5      | Entered Level 5 of the Dungeon
  4616 | D:5      | Found a basalt altar of Yredelemnul.
  4617 | D:5      | Found a hide-covered altar of Uskayaw.
  4619 | D:5      | Found a stormy altar of Qazlal.
  4985 | D:5      | HP: 1/54 [ice beast (14)]
  4994 | D:5      | HP: 1/54 [hound (1)]
  4995 | D:5      | Slain by a hound

Illustrated notes

Levels and vault maps discovered:
D:1:      dpeg_arrival_caged_fury, layout_rooms, serial_shops,
          nicolae_shop_behind_doors, minmay_misc_feat_x
D:2:      layout_basic, shapermc_ecumenical_altar_pompeii,
          chequers_serial_rivers_large_a, minmay_pentomino_t4
D:3:      layout_rooms
D:4:      layout_basic, ebering_ghost_disaster_area, hex_tiny, uniq_pikel,
          uniq_sigmund
D:5:      layout_basic, grunt_temple_overflow_open, serial_shops, shop,
          nzn_random_ring, uniq_menkaure

Skill      XL: |  1  2  3  4  5  6  7  8 |
---------------+-------------------------+-----
Stealth        | 3 4 5 |  5.0
Fighting       | 1 2 3 4 |  4.7
Poison Magic   | 4 5 6 |  6.9
Air Magic      | 1 2 3 4 |  4.4
Short Blades   | 1 2 3 |  3.4
Conjurations   | 1 2 3 |  3.4
Dodging        | |  2.0
Spellcasting   | |  2.0
Transmutations | |  1.0

Action                   |  1- 3 |  4- 6 |  7- 9 || total
-------------------------+-------+-------+-------++-------
Melee: Unarmed           |     6 |       |       ||     6
       Tentacles         |    11 |     4 |     7 ||    22
       Constrict         |    15 |    11 |     8 ||    34
       Dagger            |    56 |    16 |       ||    72
       Punch             |     1 |     1 |     1 ||     3
       Short sword       |       |    63 |    58 ||   121
       Kick              |       |       |    10 ||    10
 Cast: Sting             |     6 |       |       ||     6
       Poisonous Vapours |     1 |       |     1 ||     2
  Use: Potion            |     1 |       |     2 ||     3
       Scroll            |       |     8 |     4 ||    12
 Stab: Sleeping          |     6 |     8 |     2 ||    16
       Distracted        |       |     1 |       ||     1
Armor: Skin              |     8 |     2 |     8 ||    18
Dodge: Dodged            |    28 |    45 |    19 ||    92

Table legend: (Time is in decaauts)
 A = Elapsed time spent in this place.
 B = Non-inter-level travel time spent in this place.
 C = Inter-level travel time spent in this place.
 D = Time resting spent in this place.
 E = Time spent auto-exploring this place.
 F = Levels seen in this place.
 G = Mean time per level.
                   A        B        C        D        E       F      G
               +--------+--------+--------+--------+--------+-----+--------+
         Total |   5004 |   4798 |    206 |   1421 |   2565 |   5 | 1000.8 |
       Dungeon |   5004 |   4798 |    206 |   1421 |   2565 |   5 | 1000.8 |
               +--------+--------+--------+--------+--------+-----+--------+

Top non-repeatable levels by time:
     D:2: 1691 daAuts
     D:1: 1200 daAuts
     D:4: 944 daAuts
     D:3: 672 daAuts
     D:5: 494 daAuts
